Map: 机械城 - 天梯版

Players

Drager

  • Race: Protoss Protoss
  • League: Diamond

Has - Winner!

  • Race: Protoss Protoss

Event: WESG 2018 Grand Finals

VOD

Have the link to the VOD?

Description

Time

  • Played on: March 11, 2019, 6:27 p.m.
  • Length: 5:56

All games in this series

Show
View Real Time Build Order
Export as new Build Order

Drager Protoss 

Build Orders:  

Get SALT Encoding   

  12  0:00  Probe  
  13  0:13  Probe  
  14  0:17  Pylon  
  14  0:24  Probe  
  15  0:32  Probe  
  15  0:37  Gateway  
  15  0:40  Probe  
  16  0:47  Assimilator  
  17  0:50  Probe  
  17  0:56  Assimilator  
  18  0:59  Probe  
  19  1:07  Probe  
  20  1:12  Gateway  
  20  1:17  Probe  
  21  1:25  Cybernetics Core  
  21  1:29  Probe  
  22  1:36  Pylon  
  22  1:41  Probe  
  23  1:54  Probe  
  24  1:56  Warp Gate  
  24  2:02  Adept x2  
  28  2:12  Pylon  
  28  2:32  Adept x2  
  32  3:02  Adept x2  
  32  3:03  Nexus  
  36  3:17  Probe  
  37  3:23  Shield Battery  
  37  3:26  Pylon  
  37  3:32  Shield Battery  
  35  3:45  Stalker x2  
  39  3:59  Pylon  
  39  4:02  Shield Battery  
  39  4:06  Robotics Facility  
  39  4:15  Probe  
  39  4:17  Stalker x2  
  44  4:42  Stalker x2  
  48  4:49  Immortal  
  52  5:07  Pylon  
  52  5:08  Stalker  
  52  5:09  Sentry  
  50  5:36  Stalker  
Show
View Real Time Build Order
Export as new Build Order

Has Protoss - Winner!

Build Orders:  

Get SALT Encoding   

  12  0:00  Probe  
  13  0:12  Probe  
  14  0:17  Pylon  
  14  0:25  Probe  
  15  0:35  Probe  
  15  0:36  Gateway  
  16  0:43  Probe  
  16  0:48  Assimilator  
  17  0:52  Probe  
  18  0:59  Assimilator  
  18  1:00  Probe  
  19  1:09  Probe  
  19  1:11  Gateway  
  20  1:20  Probe  
  21  1:26  Cybernetics Core  
  22  1:32  Probe  
  22  1:36  Pylon  
  22  1:44  Probe  
  23  1:57  Probe  
  24  2:03  Stalker x2, Warp Gate  
  28  2:14  Pylon  
  28  2:28  Pylon  
  28  2:33  Stalker x2  
  32  2:45  Robotics Facility  
  32  3:01  Shield Battery  
  32  3:02  Stalker  
  32  3:03  Stalker  
  36  3:20  Gateway  
  36  3:25  Shield Battery  
  36  3:26  Warp Prism  
  38  3:48  Pylon  
  38  3:50  Probe  
  38  3:51  Pylon  
  39  4:02  Observer  
  40  4:14  Probe  
  40  4:16  Stalker x3  
  47  4:20  Pylon  
  47  4:41  Stalker  
  47  4:42  Stalker x2  
  53  5:05  Sentry  
  53  5:06  Stalker x2  
  59  5:20  Pylon  
  59  5:30  Stalker x3  
  55  5:54  Stalker x2  
  55  5:55  Stalker  
Tags
 
Add a new tag
Caveats
  • Supply blocks, unpowered buildings, or Contaminate may cause inaccurate times.
  • Supply counts are checked every 10 seconds.